 Dungeon Crawl Stone Soup version 0.30-a0-591-g3c58d2bc28 (webtiles) character file.

Game seed: 8399114031821444502

11 flotson the Sneak (level 2, 0/24 HPs)
             Began as a Demonspawn Delver on Jan 4, 2023.
             Slain by a river rat (8 damage)
             ... in a sewer.
             The game lasted 00:01:07 (276 turns).

flotson the Sneak (Demonspawn Delver)                Turns: 276, Time: 00:01:07

Health: 0/24       AC:  3    Str: 12    XL:     2   Next: 17%
Magic:  2/2        EV: 11    Int: 11    God:
Gold:   0          SH:  0    Dex: 14    Spells: 1/1 levels left

rFire   . . .      SeeInvis .    a - +0 hand axe
rCold   . . .      Faith    .    (no shield)
rNeg    . . .      Spirit   .    b - +0 leather armour
rPois   .          Reflect  .    (no helmet)
rElec   .          Harm     .    (no cloak)
rCorr   .          Rampage  .    (no gloves)
Will    .....                    (no boots)
Stlth   +++                      (no amulet)
HPRegen 0.24/turn                (no ring)
MPRegen 0.08/turn                (no ring)

@: hasted, very quick
A: foul stench 1
a: no special abilities


You were in a sewer.
You visited 1 branch of the dungeon, and saw 2 of its levels.
You also visited: Sewer.

Inventory:

Hand Weapons
 a - a +0 hand axe (weapon)
Armour
 b - a +0 leather armour (worn)
Wands
 g - a wand of digging (3)
Scrolls
 c - a scroll of fog
 d - a scroll of enchant weapon {unknown}


   Skills:
 + Level 3.1 Fighting
 + Level 2.0 Axes
 + Level 0.3 Armour
 + Level 1.9 Dodging
 + Level 4.6 Stealth
 + Level 0.5 Evocations


You had one spell level left.
You didn't know any spells.
Your spell library was empty.

Dungeon Overview and Level Annotations

Branches:
Dungeon (5/15)             Temple (0/1) D:4           Sewer (1/1)

Altars:


Innate Abilities, Weirdness & Mutations

You may rarely emit foul miasma when damaged in melee.


Message History

Your Axes skill increases to level 2!
You have reached level 2!
Your demonic ancestry asserts itself...
You begin to emit a foul stench of rot and decay.
You start resting.
HP restored.
Things that are here:
a river rat corpse; a rat corpse A river rat comes into view.
The river rat bites you!
You closely miss the river rat. The river rat barely misses you.
You completely miss the river rat. The river rat closely misses you.
You hit the river rat.
The river rat is lightly wounded.
The river rat bites you but does no damage. x2
You barely miss the river rat.
The river rat is lightly wounded.
The river rat closely misses you.
You barely miss the river rat.
The river rat is lightly wounded.
The river rat misses you.
You closely miss the river rat.
The river rat is lightly wounded.
The river rat closely misses you.
You closely miss the river rat.
The river rat is lightly wounded.
The river rat bites you!
You are too injured to fight recklessly!
You are too injured to fight recklessly!
You are too injured to fight recklessly!
You are too injured to fight recklessly!
You are too injured to fight recklessly!
You are too injured to fight recklessly!
You are too injured to fight recklessly!
You barely miss the river rat.
The river rat is lightly wounded.
The river rat bites you. The river rat closely misses you.
Okay, then.
You feel yourself speed up. The river rat bites you!
You die...

## .# .# .# ###
.#.. ####.#
##.#.@#
##..†##r#
#.###.###
#######~#######
~~.~~.~~~~~~.∩#
~...~..~~~.~~∩#
###############


You could see a river rat.

Vanquished Creatures
  A river rat (Sewer)
  A goblin (D:4)
  2 rats (Sewer)
4 creatures vanquished.

Notes
Turn   | Place    | Note
-------+----------+-------------------------------------------
     0 | D:5      | flotson the Demonspawn Delver began the quest for the Orb.
     0 | D:5      | Reached XP level 1. HP: 18/18 MP: 1/1
    62 | D:4      | Found a staircase to the Ecumenical Temple.
    74 | D:4      | Found a glowing drain.
    85 | D:4      | Noticed an iguana
   114 | Sewer    | Entered a sewer
   193 | Sewer    | Gained mutation: You may rarely emit foul miasma when
                  | damaged in melee. [demonic ancestry]
   193 | Sewer    | Reached XP level 2. HP: 6/24 MP: 2/2
   276 | Sewer    | Slain by a river rat

Illustrated notes

Levels and vault maps discovered:
D:4:      layout_basic, mainiacjoe_overflow_six_doors_small,
          nicolae_overflow_two_pavilions, vehumet_statue,
          minmay_temple_entry_junction, cheibrodos_sewer_entry_sluice,
          uniq_grinder, uniq_menkaure, uniq_pikel
D:5:      layout_basic, lemuel_doored_altar, uniq_duvessa
Sewer:    sewer_co_cracked_pipes

Skill      XL: |  1 |
---------------+----+-----
Axes           | 2 |  2.0
Fighting       | |  3.1
Armour         | |  0.3
Dodging        | |  1.9
Stealth        | |  4.6
Evocations     | |  0.5

Action                   || total
-------------------------++-------
Melee: Hand axe          ||    24
  Use: Scroll            ||     2
       Potion            ||     1
Armor: Leather armour    ||     5
Dodge: Dodged            ||    14

Table legend: (Time is in decaauts)
 A = Elapsed time spent in this place.
 B = Non-inter-level travel time spent in this place.
 C = Inter-level travel time spent in this place.
 D = Time resting spent in this place.
 E = Time spent auto-exploring this place.
 F = Levels seen in this place.
 G = Mean time per level.
                   A        B        C        D        E       F      G
               +--------+--------+--------+--------+--------+-----+--------+
         Total |    284 |    261 |     23 |     72 |     96 |   3 |   94.7 |
       Dungeon |    117 |     94 |     23 |      0 |     25 |   2 |   58.5 |
         Sewer |    167 |    167 |      0 |     72 |     71 |   1 |  167.0 |
               +--------+--------+--------+--------+--------+-----+--------+

Top non-repeatable levels by time:
   Sewer: 167 daAuts
     D:4: 83 daAuts
     D:5: 34 daAuts
